NYP
TRI-CITY DUST DEVILS @ LOS ANGELES (NYP) DODGERS
08/31/2047
 
TOP OF THE 1ST
Tri-City Dust Devils batting - Pitching for Los Angeles (NYP) Dodgers : RHP Josh Weiser
Pitching: RHP Josh Weiser
Batting: RHB Adrian Cook 0-0: Ball
1-0: Ball
2-0: Ground out 6-3 (Groundball, 6S, EV 74.4 MPH)
Batting: LHB Erik Beezley 0-0: Ball
1-0: Called Strike
1-1: Called Strike
1-2: Ball
2-2: Ball
3-2: Strikes out looking
Batting: RHB Eric McMillian 0-0: Ball
1-0: Swinging Strike
1-1: Called Strike
1-2: Ball
2-2: Strikes out swinging
Top of the 1st over - 0 runs, 0 hits, 0 errors, 0 left on base; Tri-City 0 - Los Angeles (NYP) 0
BOTTOM OF THE 1ST
Los Angeles (NYP) Dodgers batting - Pitching for Tri-City Dust Devils : RHP Tristan Vollmer
Pitching: RHP Tristan Vollmer
Batting: RHB Theo Schepers 0-0: Swinging Strike
0-1: Ball
1-1: Foul Ball, location: 2F
1-2: Ball
2-2: Foul Ball, location: 2F
2-2: Strikes out swinging
Batting: SHB Guy Jerome 0-0: Called Strike
0-1: Ball
1-1: Ball
2-1: Ball
3-1: Ground out 6-3 (Groundball, 4M, EV 84.4 MPH)
Pitching: LHP Mike Stewart
Batting: LHB Chris Buchan 0-0: Ball
1-0: Ball
2-0: Called Strike
2-1: Ball
3-1: Foul Ball, location: 2F
3-2: Foul Ball, location: 2F
3-2: Base on Balls
Batting: RHB Ruben Serrata 0-0: Ball
1-0: Fly out, F8 (Flyball, 89M, EV 81.2 MPH)
Bottom of the 1st over - 0 runs, 0 hits, 0 errors, 1 left on base; Tri-City 0 - Los Angeles (NYP) 0
TOP OF THE 2ND
Tri-City Dust Devils batting - Pitching for Los Angeles (NYP) Dodgers : RHP Josh Weiser
Batting: RHB Mike MacLeod 0-0: Ball
1-0: Foul Ball, location: 2F
1-1: Fly out, F8 (Flyball, 8RD, EV 93.8 MPH)
Batting: LHB David McNair 0-0: Ball
1-0: Foul Ball, location: 2F
1-1: Foul Ball, location: 2F
1-2: Strikes out swinging
Batting: LHB Tony Contreras 0-0: Ball
1-0: Ball
2-0: Called Strike
2-1: Foul Ball, location: 2F
2-2: Ground out 4-3 (Groundball, 4M, EV 99.4 MPH)
Top of the 2nd over - 0 runs, 0 hits, 0 errors, 0 left on base; Tri-City 0 - Los Angeles (NYP) 0
BOTTOM OF THE 2ND
Los Angeles (NYP) Dodgers batting - Pitching for Tri-City Dust Devils : LHP Mike Stewart
Batting: RHB Javier Solis 0-0: Foul Ball, location: 2F
0-1: Foul Ball, location: 2F
0-2: Foul Ball, location: 2F
0-2: Foul Ball, location: 2F
0-2: Ball
1-2: Ball
2-2: Foul Ball, location: 2F
2-2: SINGLE (Line Drive, 9S, EV 94.4 MPH)
Batting: LHB Fernão Manta 0-0: Ball
1-0: Called Strike
1-1: Called Strike
1-2: Grounds into double play, 6-4-3 (Groundball, 56, EV 83.8 MPH)
Batting: LHB Bobby Gambrell 0-0: Called Strike
0-1: Ball
1-1: Ball
2-1: Called Strike
2-2: Strikes out swinging
Bottom of the 2nd over - 0 runs, 1 hit, 0 errors, 0 left on base; Tri-City 0 - Los Angeles (NYP) 0
TOP OF THE 3RD
Tri-City Dust Devils batting - Pitching for Los Angeles (NYP) Dodgers : RHP Josh Weiser
Batting: RHB Ricardo Ortiz 0-0: Called Strike
0-1: Ball
1-1: Foul Ball, location: 2F
1-2: Strikes out swinging
Batting: RHB Max Stillo 0-0: Ball
1-0: Ground out U3 (Groundball, 34S, EV 73.1 MPH)
Batting: RHB Frank Elizondo 0-0: Ball
1-0: Swinging Strike
1-1: Ball
2-1: Ball
3-1: Swinging Strike
3-2: Foul Ball, location: 2F
3-2: Strikes out swinging, 2-3 out at first.
Top of the 3rd over - 0 runs, 0 hits, 0 errors, 0 left on base; Tri-City 0 - Los Angeles (NYP) 0
BOTTOM OF THE 3RD
Los Angeles (NYP) Dodgers batting - Pitching for Tri-City Dust Devils : LHP Mike Stewart
Batting: LHB Jim Jardine 0-0: Ball
1-0: DOUBLE (Line Drive, 89D, EV 91.9 MPH)
Batting: RHB Kekoa Kahele 0-0: Called Strike
0-1: Ground out 6-3 (Groundball, 6M, EV 98.8 MPH)
Jim Jardine to third
Batting: RHB Theo Schepers 0-0: Fly out, F9 (Flyball, 9D, EV 109.4 MPH)
Runner from 3rd tags up, SCORES, no throw by RF
Batting: SHB Guy Jerome 0-0: Called Strike
0-1: Swinging Strike
0-2: Ball
1-2: Fly out, F4 (Popup, 13, EV 70.0 MPH)
Bottom of the 3rd over - 1 run, 1 hit, 0 errors, 0 left on base; Tri-City 0 - Los Angeles (NYP) 1
TOP OF THE 4TH
Tri-City Dust Devils batting - Pitching for Los Angeles (NYP) Dodgers : RHP Josh Weiser
Batting: RHB Adrian Cook 0-0: Called Strike
0-1: Ground out 1-3 (Groundball, 13, EV 71.2 MPH)
Batting: LHB Erik Beezley 0-0: Called Strike
0-1: Foul Ball, location: 2F
0-2: Strikes out swinging
Batting: RHB Eric McMillian 0-0: Ball
1-0: Ball
2-0: Called Strike
2-1: Ball
3-1: Base on Balls
Batting: RHB Mike MacLeod 0-0: Ball
1-0: Ball
2-0: DOUBLE (Line Drive, 89D, EV 109.4 MPH)
Eric McMillian to third
Runner from 3rd tries for Home, SAFE, throw by RF to home
Batting: LHB David McNair 0-0: Ball
1-0: Called Strike
1-1: Swinging Strike
1-2: Ground out 3-1 (Groundball, 34, EV 82.5 MPH)
Top of the 4th over - 1 run, 1 hit, 0 errors, 1 left on base; Tri-City 1 - Los Angeles (NYP) 1
BOTTOM OF THE 4TH
Los Angeles (NYP) Dodgers batting - Pitching for Tri-City Dust Devils : LHP Mike Stewart
Batting: LHB Chris Buchan 0-0: Foul Ball, location: 2F
0-1: Ball
1-1: Ball
2-1: Ball
3-1: Base on Balls
Batting: RHB Ruben Serrata 0-0: SINGLE (Groundball, 25, EV 70.0 MPH) (infield hit)
Chris Buchan to second
Batting: RHB Javier Solis 0-0: Ball
1-0: Called Strike
1-1: Foul Ball, location: 2F
1-2: Ball
2-2: Fly out, F8 (Flyball, 78M, EV 83.8 MPH)
Pinch Hitting: RHB Robby Cuellar 0-0: Foul Ball, location: 2F
0-1: Ball
1-1: Foul Ball, location: 2F
1-2: Foul Ball, location: 2F
1-2: Fly out, F9 (Flyball, 9D, EV 99.4 MPH)
Runner from 2nd tags up, SAFE at 3rd with throw by RF
Pitching: RHP Shuji Ito
Batting: LHB Bobby Gambrell 0-0: Ball
1-0: Ground out 4-3 (Groundball, 4, EV 90.6 MPH)
Bottom of the 4th over - 0 runs, 1 hit, 0 errors, 2 left on base; Tri-City 1 - Los Angeles (NYP) 1
TOP OF THE 5TH
Tri-City Dust Devils batting - Pitching for Los Angeles (NYP) Dodgers : RHP Josh Weiser
Now in LF: Alex Mejia
Batting: LHB Tony Contreras 0-0: Foul Ball, location: 2F
0-1: Swinging Strike
0-2: Ball
1-2: Fly out, F8 (Flyball, 8RXD, EV 90.0 MPH)
Batting: RHB Ricardo Ortiz 0-0: DOUBLE (Line Drive, 8LXD, EV 109.4 MPH)
Batting: RHB Max Stillo 0-0: Called Strike
0-1: Ball
1-1: Ball
2-1: Ball
3-1: Called Strike
3-2: Strikes out looking
Batting: RHB Frank Elizondo 0-0: Called Strike
0-1: Swinging Strike
0-2: Foul Ball, location: 2F
0-2: Fly out, F9 (Flyball, 9, EV 90.6 MPH)
Top of the 5th over - 0 runs, 1 hit, 0 errors, 1 left on base; Tri-City 1 - Los Angeles (NYP) 1
BOTTOM OF THE 5TH
Los Angeles (NYP) Dodgers batting - Pitching for Tri-City Dust Devils : RHP Shuji Ito
Batting: LHB Jim Jardine 0-0: Ball
1-0: Ball
2-0: Called Strike
2-1: Ball
3-1: Called Strike
3-2: Strikes out swinging
Batting: RHB Kekoa Kahele 0-0: Ground out 6-3 (Groundball, 6S, EV 85.0 MPH)
Batting: RHB Theo Schepers 0-0: Called Strike
0-1: Ball
1-1: Ball
2-1: Fly out, F2 (Popup, 23F, EV 83.8 MPH)
Bottom of the 5th over - 0 runs, 0 hits, 0 errors, 0 left on base; Tri-City 1 - Los Angeles (NYP) 1
TOP OF THE 6TH
Tri-City Dust Devils batting - Pitching for Los Angeles (NYP) Dodgers : RHP Josh Weiser
Batting: RHB Adrian Cook 0-0: Ball
1-0: SINGLE (Groundball, 34D, EV 110.0 MPH)
Batting: LHB Erik Beezley 0-0: Ball
Adrian Cook steals 2nd base (no throw)
1-0: Ball
2-0: Ground out 6-3 (Groundball, 4MS, EV 83.1 MPH)
Adrian Cook to third
Batting: RHB Eric McMillian 0-0: Ball
1-0: Foul Ball, location: 2F
1-1: Fly out, F8 (Flyball, 8LXD, EV 109.4 MPH)
Runner from 3rd tags up, SCORES, no throw by CF
Batting: RHB Mike MacLeod 0-0: Foul Ball, location: 2F
0-1: Ground out 5-3 (Groundball, 56, EV 84.4 MPH)
Top of the 6th over - 1 run, 1 hit, 0 errors, 0 left on base; Tri-City 2 - Los Angeles (NYP) 1
BOTTOM OF THE 6TH
Los Angeles (NYP) Dodgers batting - Pitching for Tri-City Dust Devils : RHP Shuji Ito
Batting: SHB Guy Jerome 0-0: Ball
1-0: Foul Ball, location: 2F
1-1: Called Strike
1-2: Strikes out looking
Batting: LHB Chris Buchan 0-0: Ball
1-0: Ground out 6-3 (Groundball, 4, EV 102.5 MPH)
Batting: RHB Ruben Serrata 0-0: Ground out 5-3 (Groundball, 5, EV 91.9 MPH)
Bottom of the 6th over - 0 runs, 0 hits, 0 errors, 0 left on base; Tri-City 2 - Los Angeles (NYP) 1
TOP OF THE 7TH
Tri-City Dust Devils batting - Pitching for Los Angeles (NYP) Dodgers : RHP Josh Weiser
Batting: LHB David McNair 0-0: Swinging Strike
0-1: Foul Ball, location: 2F
0-2: Ball
1-2: Ball
2-2: Strikes out looking
Batting: LHB Tony Contreras 0-0: Ball
1-0: Called Strike
1-1: Swinging Strike
1-2: Strikes out looking
Batting: RHB Ricardo Ortiz 0-0: Ground out 6-3 (Groundball, 4MD, EV 101.9 MPH)
Top of the 7th over - 0 runs, 0 hits, 0 errors, 0 left on base; Tri-City 2 - Los Angeles (NYP) 1
BOTTOM OF THE 7TH
Los Angeles (NYP) Dodgers batting - Pitching for Tri-City Dust Devils : RHP Shuji Ito
Batting: RHB Javier Solis 0-0: Foul Ball, location: 2F
0-1: Called Strike
0-2: Ball
1-2: Ball
2-2: Ball
3-2: TRIPLE (Flyball, 8RXD, EV 96.2 MPH)
Pinch Hitting: LHB Cliff Thomas 0-0: Foul Ball, location: 2F
0-1: Swinging Strike
0-2: Ball
1-2: Strikes out swinging
Batting: LHB Bobby Gambrell 0-0: Ball
1-0: Ball
2-0: Called Strike
2-1: DOUBLE (Line Drive, 7LS, EV 108.8 MPH)
Javier Solis scores
Batting: LHB Jim Jardine 0-0: Ball
1-0: Swinging Strike
1-1: Fly out, F2 (Popup, 2L, EV 90.0 MPH)
Pinch Hitting: RHB Manny Mendoza 0-0: Ball
1-0: Ball
2-0: Foul Ball, location: 2F
2-1: Foul Ball, location: 2F
2-2: Foul Ball, location: 2F
2-2: Ball
3-2: Strikes out swinging, 2-3 out at first.
Bottom of the 7th over - 1 run, 2 hits, 0 errors, 1 left on base; Tri-City 2 - Los Angeles (NYP) 2
TOP OF THE 8TH
Tri-City Dust Devils batting - Pitching for Los Angeles (NYP) Dodgers : RHP Josh Weiser
Now in LF: Cliff Thomas
Now in RF: Juan Gallegos
Pinch Hitting: LHB Ruben Rocha 0-0: Ball
1-0: Foul Ball, location: 2F
1-1: Foul Ball, location: 2F
1-2: Foul Ball, location: 2F
1-2: Strikes out swinging
Pitching: RHP Chris Rodgers
Batting: RHB Frank Elizondo 0-0: Ball
1-0: Ground out 4-3 (Groundball, 4, EV 101.2 MPH)
Batting: RHB Adrian Cook 0-0: DOUBLE (Line Drive, 7LS, EV 95.6 MPH)
Batting: LHB Erik Beezley 0-0: Ball
1-0: Called Strike
1-1: Ball
2-1: Reached on error, E9 (Flyball, 9, EV 94.4 MPH)
Adrian Cook scores
Batting: RHB Eric McMillian 0-0: Foul Ball, location: 2F
0-1: Ball
1-1: SINGLE (Groundball, 34S, EV 72.5 MPH) (infield hit)
Erik Beezley to third
Batting: RHB Mike MacLeod 0-0: Swinging Strike
0-1: Swinging Strike
0-2: Strikes out swinging
Top of the 8th over - 1 run, 2 hits, 1 error, 2 left on base; Tri-City 3 - Los Angeles (NYP) 2
BOTTOM OF THE 8TH
Los Angeles (NYP) Dodgers batting - Pitching for Tri-City Dust Devils : RHP Shuji Ito
Pitching: RHP Stephen Bailey
Now at SS: Brian Klinkner
Batting: RHB Theo Schepers 0-0: Ball
1-0: Ball
2-0: Swinging Strike
2-1: Foul Ball, location: 2F
2-2: Ground out 6-3 (Groundball, 56, EV 96.2 MPH)
Batting: SHB Guy Jerome 0-0: Swinging Strike
0-1: Ground out 5-3 (Groundball, 5L, EV 95.6 MPH)
Batting: LHB Chris Buchan 0-0: Swinging Strike
0-1: Ball
1-1: Swinging Strike
1-2: Strikes out swinging, 2-3 out at first.
Bottom of the 8th over - 0 runs, 0 hits, 0 errors, 0 left on base; Tri-City 3 - Los Angeles (NYP) 2
TOP OF THE 9TH
Tri-City Dust Devils batting - Pitching for Los Angeles (NYP) Dodgers : RHP Chris Rodgers
Pitching: LHP Micah Watson
Batting: LHB David McNair 0-0: SINGLE (Groundball, 4MD, EV 101.2 MPH)
Batting: LHB Tony Contreras 0-0: Ball
1-0: Foul Ball, location: 2F
1-1: Ball
2-1: Called Strike
2-2: Ball
3-2: SINGLE (Line Drive, 4MD, EV 96.2 MPH)
David McNair to second
Pinch Runner at 2nd Javy Portela:
Batting: RHB Ricardo Ortiz 0-0: Swinging Strike
0-1: Foul Ball, location: 2F
0-2: Strikes out swinging
Batting: RHB Brian Klinkner 0-0: Ball
1-0: Ball
2-0: Called Strike
2-1: Swinging Strike
2-2: Ball
3-2: SINGLE (Groundball, 56, EV 111.2 MPH)
Javy Portela to third
Tony Contreras to second
Batting: RHB Frank Elizondo 0-0: SINGLE (Line Drive, 5L, EV 98.1 MPH)
Javy Portela scores
Tony Contreras to third
Brian Klinkner to second
Batting: RHB Adrian Cook 0-0: Foul Ball, location: 2F
0-1: Ball
1-1: Ball
2-1: Ball
3-1: Base on Balls
Tony Contreras scores
Brian Klinkner to third
Frank Elizondo to second
Batting: LHB Erik Beezley 0-0: Ball
1-0: Ball
2-0: Ball
3-0: Base on Balls
Brian Klinkner scores
Frank Elizondo to third
Adrian Cook to second
Batting: RHB Eric McMillian 0-0: Swinging Strike
0-1: Ball
1-1: Ball
2-1: SINGLE (Groundball, 6S, EV 73.1 MPH) (infield hit)
Frank Elizondo scores
Adrian Cook to third
Erik Beezley to second
Pitching: RHP Alfonso Ortega
Batting: RHB Mike MacLeod 0-0: Foul Ball, location: 2F
0-1: Ball
Wild Pitch!
Adrian Cook scores
Erik Beezley to third
Eric McMillian to second
1-1: Ball
2-1: Called Strike
2-2: Ball
3-2: Foul Ball, location: 2F
3-2: 3-RUN HOME RUN (Flyball, 8RXD, EV 115.0 MPH), Distance : 449 ft
Batting: LHB Javy Portela 0-0: Called Strike
0-1: Foul Ball, location: 2F
0-2: Ball
1-2: Fly out, F9 (Flyball, 9D, EV 86.9 MPH)
Batting: LHB Tony Contreras 0-0: Ball
1-0: Ball
2-0: Ground out 4-3 (Groundball, 4, EV 108.1 MPH)
Top of the 9th over - 8 runs, 6 hits, 0 errors, 0 left on base; Tri-City 11 - Los Angeles (NYP) 2
BOTTOM OF THE 9TH
Los Angeles (NYP) Dodgers batting - Pitching for Tri-City Dust Devils : RHP Stephen Bailey
Now in RF: Javy Portela
Batting: RHB Ruben Serrata 0-0: Foul Ball, location: 2F
0-1: Fly out, F8 (Flyball, 8LXD, EV 95.6 MPH)
Batting: RHB Javier Solis 0-0: Ball
1-0: Called Strike
1-1: Ball
2-1: Ball
3-1: Base on Balls
Batting: LHB Cliff Thomas 0-0: Called Strike
0-1: Foul Ball, location: 2F
0-2: Foul Ball, location: 2F
0-2: Strikes out looking
Batting: LHB Bobby Gambrell 0-0: Swinging Strike
0-1: Fly out, F7 (Flyball, 7, EV 83.8 MPH)
Bottom of the 9th over - 0 runs, 0 hits, 0 errors, 1 left on base; Tri-City 11 - Los Angeles (NYP) 2
Thursday, December 15th , 2022 - OOTP Baseball 23.9 Build 102